 Dungeon Crawl Stone Soup version 0.29.1-2-gbd0b4ee654 (webtiles) character file.

Game seed: 1789774795704362035

174333 tizbic2 the Imperceptible (level 17, -5/171 HPs)
             Began as a Naga Berserker on Nov 5, 2022.
             Was the Champion of Trog.
             Slain by a sea snake (12 damage)
             ... on level 1 of the Shoals.
             The game lasted 02:52:29 (23552 turns).

tizbic2 the Imperceptible (Naga Berserker)         Turns: 23552, Time: 02:52:29

Health: -5/171     AC: 21    Str: 22    XL:     17   Next: 78%
Magic:  1/17       EV:  7    Int:  7    God:    Trog [******]
Gold:   673        SH: 19    Dex: 17    Spells: 16/16 levels left

rFire   + + +      SeeInvis +   u - +9 war axe (vamp)
rCold   . . .      Faith    .   W - +0 tower shield
rNeg    . . .      Spirit   .   s - +0 robe of Evolution {Rampage +Inv rF+ Stlth+}
rPois   +          Reflect  .   p - +0 helmet
rElec   .          Harm     .   P - +2 cloak
rCorr   +          Rampage  +   G - +1 pair of gloves {infuse}
Will    +++..                   m - +3 barding {rF+}
Stlth   ++++......              e - amulet "Iwohar" {Regen+ Slay+5}
HPRegen 1.18/turn               Z - ring of the Kangaroo {rPois rF+ Will+ rCorr}
MPRegen 0.15/turn               E - +4 ring of slaying

@: lit by a corona, afraid, glowing, very slow
A: AC +5, large, see invisible, deformed body, poison resistance, slowness 2,
spit poison 1, naga tail 2, stinger 1, sense surroundings 1
}: 1/15 runes: serpentine
a: Spit Poison, Renounce Religion, Evoke Invisibility, Berserk, Trog's Hand,
Brothers in Arms


You were on level 1 of the Shoals.
You worshipped Trog.
Trog was exalted by your worship.
You visited 4 branches of the dungeon, and saw 25 of its levels.
You also visited: Gauntlet.

You collected 2515 gold pieces.
You spent 1842 gold pieces at shops.

Inventory:

Hand Weapons
 a - the +8 dagger of Xoc Xona {drain, Will+ Dex+5}
   (You bought it in a shop on level 4 of the Dungeon)

   A truly terrible weapon, it drains the life of any living foe it strikes.
   Dex:       It affects your dexterity (+5).
   Will:      It increases your willpower.
 h - the +11 long sword of the Twisting Queen {drain, *Noise rElec rPois Dex+2}
   (You bought it in a shop on level 4 of the Dungeon)

   A truly terrible weapon, it drains the life of any living foe it strikes.
   Dex:       It affects your dexterity (+2).
   rElec:     It insulates you from electricity.
   rPois:     It protects you from poison.
   *Noise:    It may make noises in combat.
 t - a +0 triple sword of protection
 u - a +9 vampiric war axe (weapon)
 w - the +11 sling of Xuuc {vorpal, SInv}
   (You found it on level 11 of the Dungeon)

   Any ammunition fired from it inflicts extra damage upon your enemies.
   SInv:      It lets you see invisible.
 M - a +5 antimagic dagger
Armour
 m - a +3 barding of fire resistance (worn)
 p - a +0 helmet (worn)
 s - the +0 robe of Evolution (worn) {Rampage +Inv rF+ Stlth+}
   (You bought it in a shop on level 1 of the Snake Pit)

   rF:        It protects you from fire.
   +Inv:      It lets you turn invisible.
   Rampage:   It bestows one free step when moving towards enemies.
   Stlth:     It makes you more stealthy.
 x - the +3 robe of the Sparrow {rPois Regen+ MP-9 Archmagi}
   (You bought it in a shop on level 6 of the Dungeon)

   rPois:     It protects you from poison.
   MP:        It affects your magic capacity (-9).
   Regen:     It increases your rate of health regeneration.
   Archmagi:  It increases the power of your magical spells.
 A - a +0 kite shield of fire resistance
 G - a +1 pair of gloves of infusion (worn)
 P - a +2 cloak (worn)
 S - a +2 robe of cold resistance
 W - a +0 tower shield (worn)
 X - the +3 robe "Ixkammeck" {Fly rPois}
   (You found it on level 2 of the Lair of Beasts)

   rPois:     It protects you from poison.
   Fly:       It grants you flight.
Jewellery
 d - the amulet "Kyli" {Harm Will+ Regen+}
   (You found it in a Gauntlet)

   [amulet of regeneration]

   Regen:     It increases your rate of health regeneration.
   Harm:      It increases damage dealt and taken.
   Will:      It increases your willpower.
 e - the amulet "Iwohar" (around neck) {Regen+ Slay+5}
   (You acquired it on level 6 of the Dungeon)

   [amulet of regeneration]

   Slay:      It affects your accuracy & damage with ranged weapons and melee
   (+5).
   Regen:     It increases your rate of health regeneration.
 E - a +4 ring of slaying (right hand)
 F - an amulet of reflection
 I - the ring "Bobiud" {Drain Dex+6 SInv Stlth+}
   (You found it on level 3 of the Snake Pit)

   [ring of see invisible]

   Dex:       It affects your dexterity (+6).
   SInv:      It lets you see invisible.
   Drain:     It drains your maximum health when unequipped.
   Stlth:     It makes you more stealthy.
 O - the amulet "Hetoxom" {Faith rN++ Will- Str+2}
   (You found it in a Gauntlet)

   [amulet of faith]

   It allows you to gain divine favour quickly.
   Str:       It affects your strength (+2).
   rN:        It greatly protects you from negative energy.
   Will:      It decreases your willpower.
 Z - the ring of the Kangaroo (left hand) {rPois rF+ Will+ rCorr}
   (You took it off a minotaur in a Gauntlet)

   [ring of protection from fire]

   rF:        It protects you from fire.
   rPois:     It protects you from poison.
   rCorr:     It protects you from acid and corrosion.
   Will:      It increases your willpower.
Wands
 v - a wand of charming (30)
 y - a wand of mindburst (15)
 z - a wand of digging (1)
 T - a wand of polymorph (9)
 U - a wand of iceblast (18)
Scrolls
 g - 12 scrolls of teleportation
 j - 5 scrolls of fear
 l - 3 scrolls of summoning
 r - 6 scrolls of immolation
 B - 7 scrolls of vulnerability
 D - 4 scrolls of torment
 J - 2 scrolls of poison
 N - 4 scrolls of magic mapping
 Q - a scroll of brand weapon
 R - 3 scrolls of identify
 Y - 3 scrolls of fog
Potions
 b - 7 potions of attraction
 c - a potion of magic
 f - 3 potions of flight
 i - 3 potions of lignification
 k - 16 potions of curing
 n - 2 potions of invisibility
 o - 2 potions of berserk rage
 C - 5 potions of mutation
 K - 2 potions of might
 L - a potion of cancellation
 V - 2 potions of resistance


   Skills:
 + Level 15.7 Fighting
 - Level 10.4(10.6) Short Blades
 * Level 2.7(7.1) Long Blades
 * Level 12.6 Axes
 - Level 0.2(8.0) Polearms
 - Level 4.2 Ranged Weapons
 - Level 3.4 Armour
 - Level 2.5 Dodging
 - Level 21.5 Stealth
 + Level 14.8 Shields
 - Level 0.3 Unarmed Combat
 + Level 6.5 Evocations


You had 16 spell levels left.
You didn't know any spells.
Your spell library was empty.

Dungeon Overview and Level Annotations

Branches:
Dungeon (15/15)            Temple (0/1) D:4            Lair (5/5) D:9
 Shoals (1/4) Lair:2        Snake (4/4) Lair:3        Slime (0/5) Lair:4
    Orc (0/2) D:9          Vaults (0/5) D:13         Depths (0/4) D:15
Gauntlet (visited)

Altars:
Hepliaklqana
Kikubaaqudgha
Nemelex Xobeh
Ru
Uskayaw
Jiyva
Lugonu

Shops:
D:1 [   D:4 (   D:6 ((([   D:9 *   Snake:1 [

Portals:
Abyss: Lair:5

Annotations:
D:13 3 runed translucent doors, Ined's ghost, journeyman MiBe
D:14 2 runed translucent doors
Lair:3 2 transporters, qeuew's ghost, journeyman FoFi
Snake:1 1 runed translucent door


Innate Abilities, Weirdness & Mutations

Your serpentine skin is tough. (AC +5)
You have supernaturally acute eyesight. (SInv)
Armour fits poorly on your strangely shaped body.
Your system is resistant to poisons. (rPois)
You cover ground very slowly.
You can spit poison.
You can use your snake-like lower body to constrict enemies.
Your tail ends in a venomous barb.
You passively map a small area around you.


Message History

The wind drake bites you but does no damage.
The satyr shoots an arrow.
The arrow hits you! The water elemental hits you.
The merfolk hits you but does no damage.
You struggle against the net.
You feel your willpower return.
The wind drake bites you but does no damage.
A sea snake comes into view.
The satyr shoots an arrow.
The arrow hits you!
* * * LOW HITPOINT WARNING * * *
A merfolk comes into view. It is wielding a +0 trident.
The merfolk hits you but does no damage.
The water elemental hits you.
* * * LOW HITPOINT WARNING * * *
The merfolk hits you but does no damage.
The wind drake flaps its wings at you. The air twists around and strikes you!
* * * LOW HITPOINT WARNING * * *
You struggle against the net.
The sea snake hisses angrily.
The satyr shoots an arrow.
The arrow hits you!
* * * LOW HITPOINT WARNING * * *
The wind drake bites you but does no damage.
The water elemental hits you.
* * * LOW HITPOINT WARNING * * *
The merfolk hits you but does no damage.
The merfolk hits you from afar with a +0 halberd!
* * * LOW HITPOINT WARNING * * *
Blink to where?
Press: ? - help, Dir - move target
As you read the scroll of blinking, it crumbles to dust.
A sea snake comes into view.
You block the merfolk's attack.
The satyr shoots an arrow.
You block the arrow.
A merfolk siren comes into view. It is wielding a +0 spear.
A manticore comes into view.
The merfolk hits you but does no damage. x2
The merfolk hits you from afar with a +0 halberd!
* * * LOW HITPOINT WARNING * * *
The sea snake moves out of view.
The sea snake bites you!
You die...

#~P~~~P... ~~P~≈≈≈
~
~~~~~~~.~..,.~~~~≈≈
~ ~
≈≈~~~~.~~##..~P~≈≈
~~~~~~P~~)#.~~~~~≈
, ~~PPPP~k~c)~~~~~≈
~ ~~P##.†~E~)~~~~≈≈
~ ##mmm~†~~~≈≈≈
~~.###m..~~~~~~~≈~
~ , ~
.~~....S@~~~~~~~~ ~
~ .H~~~~~.~~~~~~~~~
~ ~~ ~
~~~~~~~..~~~~~~~~
.~~~~~~..~~~~~~~~ ~
#.~~~~~..~.~~~~~~ ,
..~~~~~~..~~~~~~
m.~~~~~~~~~~~~≈≈
m~~~~~~~~~~~~~~ ~ ,
~ , ~~


You could see a satyr (scary), a sea snake, a wind drake (repels missiles), 4
merfolk, a manticore (wandering), a water elemental and a merfolk siren
(wandering).

Vanquished Creatures
  Vashnia (Snake:4)
  Kirke (D:12)
  Roxanne (Snake:4)
  A fire giant (D:15)
  6 nagarajas
  Nessos (Lair:5)
  A minotaur (Gauntlet)
  A fire dragon (D:15)
  4 hydras
  5 vault guards (D:13)
  An ogre mage (D:15)
  2 catoblepae
  Erolcha (D:9)
  A salamander tyrant (Snake:4)
  4 boulder beetles
  A rakshasa (D:14)
  A centaur warrior (D:15)
  19 anacondas
  Erica (D:8)
  A death knight (D:14)
  7 two-headed ogres
  2 tengu warriors (D:15)
  16 naga warriors
  4 thrashing horrors (Lair:5)
  10 shock serpents
  19 naga sharpshooters
  A deep elf knight (D:13)
  A salamander mystic (Snake:3)
  A sea snake (Shoals:1)
  A skeletal warrior (D:13)
  A wizard (D:13)
  6 naga ritualists
  An orange crystal statue (D:14)
  Pikel (D:7)
  3 fauns (Shoals:1)
  9 mana vipers
  5 deep elf pyromancers
  10 salamanders
  12 ugly things
  An orc sorcerer (D:13)
  6 manticores
  5 cyclopes
  14 elephants
  29 black mambas
  8 guardian serpents
  15 naga magi
  Joseph (D:9)
  A torpor snail (Lair:1)
  A smoke demon (Lair:5)
  3 unseen horrors
  A gargoyle (D:11)
  Maggie (D:7)
  13 cane toads
  3 yaktaurs (D:13)
  A rime drake (shapeshifter) (D:13)
  2 kobold demonologists (D:13)
  3 rime drakes
  A freezing wraith (D:14)
  5 komodo dragons
  2 ice devils (Gauntlet)
  An ancient zyme (Lair:5)
  2 trolls
  2 hornets (D:9)
  A wind drake (Lair:2)
  17 dream sheep (Lair:4)
  20 blink frogs
  16 slime creatures
  2 centaur simulacra (D:15)
  A spriggan (Lair:5)
  3 wyverns
  A wraith (D:14)
  A water elemental (Shoals:1)
  3 ynoxinuls (Lair:5)
  22 yaks
  2 hogs (D:12)
  3 steam dragons
  4 basilisks
  7 vampire mosquitoes
  3 chaos spawn (Lair:5)
  46 nagas
  4 acid dragons
  Menkaure (D:7)
  12 water moccasins
  A swamp drake (D:9)
  3 black bears
  2 ice beasts (D:5)
  A sky beast (D:7)
  7 orc warriors
  2 ogres
  15 wolves (Lair:1)
  9 centaurs
  A phantom (D:4)
  8 bullfrogs
  4 kobold brigands
  4 gnoll sergeants
  A scorpion (D:5)
  6 killer bees (D:8)
  7 howler monkeys
  An electric eel (Lair:1)
  4 hounds
  A jelly (D:5)
  8 orc priests
  2 gnoll boudas
  2 iguanas
  9 orc wizards
  12 small abominations (Lair:5)
  Robin (D:3)
  15 adders
  23 gnolls
  10 white imps
  4 worms
  5 dart slugs
  39 orcs
  5 endoplasms
  8 giant cockroaches
  24 goblins
  16 hobgoblins
  5 quokkas
  13 ball pythons
  3 bats (D:2)
  2 frilled lizards (D:1)
  33 kobolds
  8 rats
  A butterfly (Lair:1)
779 creatures vanquished.

Vanquished Creatures (collateral kills)
  2 naga sharpshooters (Snake:4)
  A naga mage (Snake:4)
  A guardian serpent (Snake:4)
4 creatures vanquished.

Vanquished Creatures (others)
  15 fungi
  31 plants
46 creatures vanquished.

Grand Total: 829 creatures vanquished

Notes
Turn   | Place    | Note
-------+----------+-------------------------------------------
     0 | D:1      | tizbic2 the Naga Berserker began the quest for the Orb.
     0 | D:1      | Reached XP level 1. HP: 21/21 MP: 1/1
    94 | D:1      | Found Payggael's Armour Shop.
   145 | D:1      | Reached skill level 1 in Stealth
   164 | D:1      | Reached XP level 2. HP: 16/28 MP: 2/2
   361 | D:1      | Reached skill level 2 in Stealth
   649 | D:1      | Reached XP level 3. HP: 29/34 MP: 3/3
   730 | D:2      | Found a faded altar of an unknown god.
  1025 | D:2      | Reached skill level 3 in Stealth
  1065 | D:2      | Reached ** piety under Trog
  1081 | D:2      | Reached XP level 4. HP: 26/42 MP: 0/4
  1286 | D:2      | Reached skill level 1 in Ranged Weapons
  1289 | D:2      | Reached skill level 4 in Stealth
  1304 | D:2      | Reached XP level 5. HP: 8/49 MP: 1/5
  1867 | D:2      | Reached skill level 11 in Stealth
  1867 | D:2      | Reached XP level 6. HP: 55/66 MP: 6/6
  1868 | D:2      | Reached skill level 14 in Stealth
  1868 | D:2      | Reached XP level 7. HP: 63/75 MP: 7/7
  1869 | D:2      | Reached skill level 10 in Short Blades
  1869 | D:2      | Reached skill level 15 in Stealth
  1869 | D:2      | Reached XP level 8. HP: 71/84 MP: 8/8
  2215 | D:3      | Noticed Robin
  2233 | D:3      | Killed Robin
  3091 | D:4      | Found Bextoxess's Antique Weapon Emporium.
  3104 | D:4      | Bought a fine dagger for 161 gold pieces
  3104 | D:4      | Identified the +8 dagger of Xoc Xona {drain, Will+ Dex+5}
                  | (You bought it in a shop on level 4 of the Dungeon)
  3153 | D:4      | Reached *** piety under Trog
  3176 | D:4      | Found a staircase to the Ecumenical Temple.
  3919 | D:5      | Entered Level 5 of the Dungeon
  4069 | D:5      | Reached XP level 9. HP: 89/90 MP: 9/9
  4171 | D:5      | Found the +7 staff of the Meek {protect, meekguard}
  4674 | D:6      | Found Ragipesi's Weapon Shop.
  4691 | D:6      | Found Wyutif's Weapon Boutique.
  4751 | D:6      | HP: 4/91 [orc warrior/bolt (19)]
  5253 | D:7      | Found an ancient bone altar of Kikubaaqudgha.
  5260 | D:7      | Found a hazy altar of Hepliaklqana.
  5260 | D:7      | Found a sparkling altar of Nemelex Xobeh.
  5260 | D:7      | Found a sacrificial altar of Ru.
  5260 | D:7      | Noticed Pikel
  5276 | D:7      | Killed Pikel
  5416 | D:7      | Noticed Maggie
  5423 | D:7      | Killed Maggie
  5461 | D:7      | Reached skill level 1 in Axes
  5507 | D:7      | Noticed Menkaure
  5513 | D:7      | Killed Menkaure
  5514 | D:7      | Reached XP level 10. HP: 81/99 MP: 7/10
  5827 | D:7      | Reached **** piety under Trog
  6430 | D:6      | Found Tedasej's Antique Armour Boutique.
  6441 | D:6      | Bought a pair of glowing gloves for 180 gold pieces
  6608 | D:6      | Identified a scroll of acquirement
  6608 | D:6      | Acquired the amulet "Iwohar" {Regen+ Slay+5}
  6653 | D:6      | Found Sereatal's Antique Weapon Boutique.
  7034 | D:8      | Reached skill level 16 in Stealth
  7412 | D:8      | Gained mutation: Your tail ends in a venomous barb. [potion
                  | of mutation]
  7412 | D:8      | Gained mutation: You passively map a small area around you.
                  | [potion of mutation]
  7656 | D:8      | Noticed Erica
  7674 | D:8      | Killed Erica
  7953 | D:9      | Noticed Erolcha
  7956 | D:9      | Killed Erolcha
  7987 | D:9      | Found Vedd's Mayhem Merchandise.
  7989 | D:9      | Identified the +9 hand axe "Killer Klown's Death" {pain,
                  | rElec Str+3 Dex+2}
  7998 | D:9      | Found a staircase to the Lair.
  8071 | D:9      | Reached XP level 11. HP: 97/106 MP: 11/11
  8075 | D:9      | Reached ***** piety under Trog
  8141 | D:9      | Found a hide-covered altar of Uskayaw.
  8208 | D:9      | Identified the +2 leather armour of the Blessed Realm
                  | {Str+3 Int+2}
  8257 | D:9      | Noticed Joseph
  8263 | D:9      | Killed Joseph
  8377 | D:9      | Reached skill level 5 in Shields
  8439 | D:9      | Found a staircase to the Orcish Mines.
  8451 | D:9      | Reached skill level 17 in Stealth
  8607 | D:6      | Bought a glowing cloak for 180 gold pieces
  9003 | D:10     | Entered Level 10 of the Dungeon
  9188 | D:10     | Noticed a two-headed ogre
  9204 | D:10     | Killed a two-headed ogre
  9805 | D:11     | Noticed a cyclops
  9830 | D:11     | Killed a cyclops
  9898 | D:11     | Found a gate leading to a gauntlet.
  9918 | Gauntlet | Entered a Gauntlet
  9918 | Gauntlet | Found a transporter.
  9918 | Gauntlet | Found a transporter.
  9918 | Gauntlet | Found a transporter.
  9922 | Gauntlet | Noticed a shining eye
  9930 | Gauntlet | Found a transporter.
  9945 | Gauntlet | Found a transporter.
 10080 | Gauntlet | Found a transporter.
 10084 | Gauntlet | Found a transporter.
 10086 | Gauntlet | Noticed a catoblepas
 10093 | Gauntlet | Noticed a fire crab
 10119 | Gauntlet | Found a transporter.
 10128 | Gauntlet | Found a transporter.
 10129 | Gauntlet | Noticed a ghost crab
 10150 | Gauntlet | Killed a catoblepas
 10151 | Gauntlet | Reached skill level 10 in Fighting
 10249 | Gauntlet | Identified the +6 sling of Domination {flame, rPois rF-
                  | rCorr Str-5}
 10249 | Gauntlet | Identified the ring of the Kangaroo {rPois rF+ Will+ rCorr}
 10249 | Gauntlet | Noticed a minotaur
 10258 | Gauntlet | Killed a minotaur
 10266 | Gauntlet | Identified the amulet "Kyli" {Harm Will+ Regen+}
 10266 | Gauntlet | Identified the amulet "Hetoxom" {Faith rN++ Will- Str+2}
 10350 | D:11     | Noticed a +0 hand axe
 10350 | D:11     | Noticed a +0 hand axe
 10351 | D:11     | Found a hide-covered altar of Uskayaw.
 10444 | D:11     | Identified the +4 mace of Certain Death {vorpal, Dex+5}
 10482 | D:11     | Identified the +11 sling of Xuuc {vorpal, SInv}
 10523 | D:11     | Noticed a cyclops
 10537 | D:11     | Killed a cyclops
 10538 | D:11     | Reached skill level 18 in Stealth
 10538 | D:11     | Reached XP level 12. HP: 116/116 MP: 12/12
 10539 | D:11     | Received a gift from Trog
 10785 | D:6      | Bought a masterwork leather armour for 168 gold pieces
 10785 | D:6      | Identified the +1 leather armour of Beogh {rF+ MP+9} (You
                  | bought it in a shop on level 6 of the Dungeon)
 11103 | D:11     | Noticed a boulder beetle
 11124 | D:11     | Killed a boulder beetle
 11477 | D:12     | Noticed a boulder beetle
 11479 | D:12     | Killed a boulder beetle
 11507 | D:12     | Noticed Kirke
 11510 | D:12     | Reached skill level 5 in Axes
 11520 | D:12     | Killed Kirke
 11916 | D:13     | Reached skill level 19 in Stealth
 12001 | D:13     | Noticed Ined's ghost (journeyman MiBe)
 12031 | D:13     | Noticed a vault guard
 12039 | D:13     | Noticed a vault guard
 12083 | D:13     | Found a runed translucent gate.
 12083 | D:13     | Found a runed translucent gate.
 12083 | D:13     | Found a runed translucent gate.
 12181 | D:13     | Noticed a deep elf knight
 12255 | D:13     | Killed a deep elf knight
 12304 | D:13     | Noticed a vault guard
 12327 | D:13     | Killed a vault guard
 12328 | D:13     | Gained mutation: You can use your snake-like lower body to
                  | constrict enemies. [Naga growth]
 12328 | D:13     | Reached XP level 13. HP: 105/124 MP: 13/13
 12334 | D:13     | Noticed a vault guard
 12349 | D:13     | Killed a vault guard
 12350 | D:13     | Noticed a vault guard
 12364 | D:13     | Killed a vault guard
 12382 | D:13     | Killed a vault guard
 12423 | D:13     | Found a gate to the Vaults.
 12458 | D:13     | Killed a vault guard
 12639 | D:13     | Reached skill level 20 in Stealth
 12646 | D:13     | Received a gift from Trog
 13341 | D:14     | Noticed a rakshasa
 13345 | D:14     | Killed a rakshasa
 13385 | D:14     | Found a runed translucent door.
 13448 | D:14     | Found a runed translucent door.
 13481 | D:14     | Found a runed translucent door.
 13493 | D:14     | Found a runed translucent door.
 13813 | D:14     | Reached skill level 21 in Stealth
 13897 | D:15     | Entered Level 15 of the Dungeon
 13902 | D:15     | Reached XP level 14. HP: 135/135 MP: 14/14
 14209 | D:15     | Reached skill level 10 in Shields
 14337 | D:15     | Found a staircase to the Depths.
 14338 | D:15     | Noticed a fire giant
 14382 | D:15     | Killed a fire giant
 14382 | D:15     | Received a gift from Trog
 14758 | Lair:1   | Entered Level 1 of the Lair of Beasts
 16172 | D:1      | Bought a +1 pair of gloves of infusion for 231 gold pieces
 16241 | D:4      | Bought an iridescent long sword for 195 gold pieces
 16241 | D:4      | Identified the +11 long sword of the Twisting Queen {drain,
                  | *Noise rElec rPois Dex+2} (You bought it in a shop on level
                  | 4 of the Dungeon)
 16322 | D:6      | Bought a shadowed robe for 136 gold pieces
 16322 | D:6      | Identified the +3 robe of the Sparrow {rPois Regen+ MP-9
                  | Archmagi} (You bought it in a shop on level 6 of the
                  | Dungeon)
 16417 | D:6      | Bought a glowing rapier for 147 gold pieces
 16417 | D:6      | Bought a glowing short sword for 126 gold pieces
 16582 | Lair:2   | Identified the +3 robe "Ixkammeck" {Fly rPois}
 16644 | Lair:2   | Found a staircase to the Shoals.
 17127 | Lair:3   | Found a transporter.
 17137 | Lair:3   | Found a transporter.
 17139 | Lair:3   | Noticed qeuew's ghost (journeyman FoFi)
 17243 | Lair:3   | Reached XP level 15. HP: 105/148 MP: 0/15
 17359 | Lair:3   | Found a staircase to the Snake Pit.
 17687 | Lair:4   | Found the +4 robe of Folly {Brilliance Will-∞ Int+8}
 18005 | Lair:4   | Found a viscous altar of Jiyva.
 18005 | Lair:4   | Found a staircase to the Slime Pits.
 18068 | Lair:4   | Reached ****** piety under Trog
 18348 | Lair:5   | Entered Level 5 of the Lair of Beasts
 18560 | Lair:5   | Received a gift from Trog
 18859 | Lair:5   | Found a corrupted altar of Lugonu.
 18859 | Lair:5   | Found a one-way gate to the infinite horrors of the Abyss.
 19059 | Lair:5   | Identified the +3 leather armour "Vatix" {MP+9}
 19065 | Lair:5   | Noticed Nessos
 19070 | Lair:5   | Killed Nessos
 19402 | Snake:1  | Entered Level 1 of the Snake Pit
 19456 | Snake:1  | Found a runed translucent door.
 19832 | Snake:1  | Found Niuf's Armour Emporium.
 19850 | Snake:1  | Reached XP level 16. HP: 156/160 MP: 0/16
 19859 | Snake:1  | Bought the +0 robe of Evolution {Rampage +Inv rF+ Stlth+}
                  | for 318 gold pieces
 20042 | Snake:2  | Reached skill level 1 in Evocations
 20050 | Snake:2  | Received a gift from Trog
 20782 | Snake:2  | Found an ancient bone altar of Kikubaaqudgha.
 20812 | Snake:2  | You fall into a shaft and drop 1 floor!
 20979 | Snake:3  | Identified the ring "Bobiud" {Drain Dex+6 SInv Stlth+}
 21001 | Snake:3  | Reached skill level 10 in Axes
 21197 | Snake:3  | Noticed a nagaraja
 21207 | Snake:3  | Reached skill level 15 in Fighting
 21210 | Snake:3  | Killed a nagaraja
 21285 | Snake:3  | Received a gift from Trog
 21660 | Snake:4  | Entered Level 4 of the Snake Pit
 21728 | Snake:4  | Noticed a nagaraja
 21738 | Snake:4  | Killed a nagaraja
 21817 | Snake:4  | Reached XP level 17. HP: 170/170 MP: 14/17
 21903 | Snake:4  | Reached skill level 5 in Evocations
 22004 | Snake:4  | Received a gift from Trog
 22004 | Snake:4  | Noticed Vashnia
 22168 | Snake:4  | Killed Vashnia
 22370 | Snake:4  | Got a serpentine rune of Zot
 22553 | Snake:4  | Noticed Roxanne
 22631 | Snake:4  | Reached skill level 1 in Long Blades
 22673 | Snake:4  | Killed Roxanne
 23119 | Snake:4  | Identified the +0 spear of Anguish {flame, Int+4}
 23528 | Shoals:1 | Entered Level 1 of the Shoals
 23551 | Shoals:1 | HP: 6/171 [merfolk/+0 halberd[a merfolk impaler] (14)]
 23552 | Shoals:1 | Slain by a sea snake

Illustrated notes

Levels and vault maps discovered:
D:1:      grunt_arrival_crossed_arrows, layout_basic, serial_shops, shop,
          minmay_misc_feat_iff
D:2:      minmay_thinvault, layout_rooms, basic_ecumenical_altar
D:3:      layout_loops_ring, uniq_robin
D:4:      layout_loops_corners, minmay_temple_entry_mini_moons, serial_shops,
          nicolae_shop_statue_plus
D:5:      layout_basic, minivault_24, kennysheep_generic_room_5
D:6:      layout_basic, portal_sewer_entry_a, serial_shops,
          nicolae_shop_statue_plus, kennysheep_little_box,
          nicolae_take_the_stairs, nicolae_shop_behind_doors
D:7:      corexii_shack_village, layout_layer_cave, grunt_temple_overflow_open,
          uniq_pikel, uniq_maggie, uniq_menkaure
D:8:      layout_layer_cave, uniq_erica
D:9:      layout_basic, mainiacjoe_overflow_24_doors, lair_entry_dummy,
          erik_orc_1, minmay_shop_mayhem, st_stairs_4, uniq_joseph, uniq_erolcha
D:10:     layout_layer_cave
D:11:     layout_irregular_city, gauntlet_entry_generic, dancing_weapons_uskayaw
D:12:     layout_roguey, uniq_kirke
D:13:     minmay_polygon_palace, layout_irregular_city,
          grunt_vaults_entry_fortified, gammafunk_ghost_icy
D:14:     layout_rooms, minmay_statue_crystal_thing
D:15:     grunt_enter_depths_giant_problem, layout_loops_ring,
          skrybe_limestone_x
Lair:1:   layout_layer_cave, lemuel_fruit_fields, grunt_megastairs_5,
          infiniplex_staircase_pool
Lair:2:   layout_gridlike, minmay_shoals_entry_beasts,
          nicolae_lair_grazing_beasts [nicolae_sub_lair_graze_edge,
          nicolae_sub_lair_graze_edge, nicolae_sub_lair_graze_edge,
          nicolae_sub_lair_graze_edge], grunt_megastairs_2
Lair:3:   layout_loops_ring, guppyfry_snake_entry_island,
          gammafunk_ghost_berserking_beasts
Lair:4:   layout_cave_pods, slime_entry_1, serial_bayou_shore_a
Lair:5:   hellmonk_lair_end_abyssal_woods, layout_cave_pods,
          chequers_serial_rivers_micro_e, serial_bayou_pond_e, uniq_nessos
Shoals:1: layout_shoals, serial_shops, shop, shop, nicolae_shop_hallway_plus,
          nicolae_shop_overgrown_old_shop
Snake:1:  cheibrodos_toxic_ritual, layout_cave_shapes, serial_shops, shop,
          grunt_megastairs_1
Snake:2:  layout_cave_town, basic_altar
Snake:3:  layout_cave_town, lemuel_fruit_tree, grunt_megastairs_4,
          serial_bayou_shore_b
Snake:4:  grunt_snake_rune_serpentine_throne, layout_cave_town, uniq_roxanne,
          uniq_vashnia

Skill      XL: |  1  2  3  4  5  6  7  8  9 10 11 12 13 14 15 16 17 |
---------------+----------------------------------------------------+-----
Stealth        | 1 2 3 4 11 14 15 16 18 19 21 | 21.5
Ranged Weapons | 1 4 |  4.2
Short Blades   | 4 7 9 10 | 10.4
Fighting       | 7 8 9 10 11 13 14 15 | 15.7
Armour         | 3 |  3.4
Dodging        | 2 |  2.5
Shields        | 2 3 4 6 8 9 11 13 14 | 14.8
Axes           | 1 2 4 5 7 8 11 12 | 12.6
Evocations     | 4 6 |  6.5
Long Blades    | 2 |  2.7
Polearms       | |  0.2
Unarmed Combat | |  0.3

Action                   |  1- 3 |  4- 6 |  7- 9 | 10-12 | 13-15 | 16-18 || total
-------------------------+-------+-------+-------+-------+-------+-------++-------
Melee: Short sword       |    60 |    14 |       |       |       |       ||    74
       Falchion          |    20 |     2 |     2 |       |       |       ||    24
       Dagger            |       |    91 |   207 |   454 |   598 |   315 ||  1665
       Punch             |       |       |     3 |       |       |       ||     3
       War axe           |       |       |       |    17 |   117 |   127 ||   261
       Constrict         |       |       |       |       |   137 |    89 ||   226
       Long sword        |       |       |       |       |    51 |    19 ||    70
 Fire: Sling             |    20 |     2 |       |     5 |     1 |       ||    28
Throw: Dart              |       |       |       |     7 |       |       ||     7
Invok: Berserk           |     1 |     2 |     1 |     3 |     3 |     5 ||    15
       Trog's Hand       |       |       |       |       |       |     3 ||     3
       Brothers in Arms  |       |       |       |       |       |     1 ||     1
 Abil: Spit Poison       |    19 |    15 |    12 |    14 |     3 |       ||    63
Evoke: Wand              |       |       |       |     4 |     1 |       ||     5
  Use: Scroll            |     1 |     4 |     4 |    17 |    11 |     5 ||    42
       Potion            |       |     2 |     2 |     8 |     5 |     6 ||    23
 Stab: Sleeping          |       |     2 |    23 |    35 |    61 |    45 ||   166
       Distracted        |       |       |       |     2 |     4 |     3 ||     9
       Invisible         |       |       |       |     1 |       |       ||     1
Armor: Leather armour    |    15 |    44 |    42 |       |       |       ||   101
       Ring mail         |       |       |     5 |       |       |       ||     5
       Swamp dragon scal |       |       |       |    42 |       |       ||    42
       Robe              |       |       |       |    49 |   176 |   204 ||   429
       Troll leather arm |       |       |       |    84 |   118 |       ||   202
Dodge: Dodged            |    52 |    54 |    54 |   117 |   147 |    73 ||   497
Block: Kite shield       |       |       |    21 |   206 |   157 |       ||   384
       Tower shield      |       |       |       |       |   534 |   458 ||   992
       Reflection        |       |       |       |       |    44 |       ||    44
